 Dungeon Crawl Stone Soup version 0.29-a0-551-gffc1d7fb78 (webtiles) character file.

Game seed: 7792394823983611639

3 shadowstone the Grave Robber (level 1, 0/10 HPs)
             Began as a Tengu Necromancer on June 5, 2022.
             Slain by a quokka (5 damage)
             ... on level 1 of the Dungeon.
             The game lasted 00:00:55 (82 turns).

shadowstone the Grave Robber (Tengu Necromancer)      Turns: 82, Time: 00:00:56

Health: 0/10       AC:  2    Str:  8    XL:     1   Next: 50%
Magic:  4/4        EV: 12    Int: 15    God:
Gold:   0          SH:  0    Dex: 14    Spells: 3/4 levels left

rFire   . . .      SeeInvis .   c - +0 short sword
rCold   . . .      Faith    .   (no shield)
rNeg    . . .      Spirit   .   a - +0 robe
rPois   .          Reflect  .   (helmet restricted)
rElec   .          Harm     .   (no cloak)
rCorr   .          Rampage  .   (no gloves)
Will    .....                   (boots unavailable)
Stlth   ++........              (no amulet)
HPRegen 0.03/turn               (no ring)
MPRegen 0.09/turn               (no ring)

@: no status effects
A: beak, talons 3
a: no special abilities


You were on level 1 of the Dungeon.
You visited 1 branch of the dungeon, and saw 1 of its levels.

Inventory:

Hand Weapons
 c - a +0 short sword (weapon)
Armour
 a - a +0 robe (worn)
Potions
 b - a potion of magic


   Skills:
 + Level 2.2 Dodging
 + Level 2.0 Stealth
 + Level 2.0 Spellcasting
 + Level 4.5 Necromancy


You had 3 spell levels left.
You knew the following spells:

 Your Spells              Type           Power      Damage    Failure   Level
a - Necrotize             Necr           60%        1d7       3%          1

Your spell library contained the following spells:

 Spells                   Type           Power      Damage    Failure   Level
 Vampiric Draining        Necr           15%        2d7       11%         3
 Animate Dead             Necr           15%        N/A       34%         4
 Agony                    Necr           15%        N/A       67%         5


Dungeon Overview and Level Annotations

Branches:
Dungeon (1/15)

Altars:


Innate Abilities, Weirdness & Mutations

You have a beak for a mouth.
You have claws for feet.


Message History

The frilled lizard misses you. The frilled lizard closely misses you.
You see here a frilled lizard corpse.
The frilled lizard bites you.
The frilled lizard bites the plant.
The plant begins to die.
You hit the frilled lizard.
You kill the frilled lizard!
A jackal comes into view.
The jackal barks!
You hit the frilled lizard.
You kill the frilled lizard!
The jackal bites the plant.
The plant begins to die.
The jackal bites the plant.
The plant begins to die.
A quokka comes into view.
The jackal bites the plant.
The jackal bites the plant. x2; The plant begins to die.
Something bites the plant.
The plant begins to die.
The jackal bites the plant.
The plant begins to die.
A nearby plant withers and dies.
The jackal bites the plant.
The plant begins to die.
The jackal bites the plant.
The jackal bites the plant.
The plant begins to die.
The jackal bites the plant.
The quokka bites the plant.
The plant begins to die.
The jackal bites the plant.
A nearby plant withers and dies. x2
You see here 10 gold pieces.
A nearby plant withers and dies. x2
A nearby plant withers and dies. x2; The jackal bites the plant.
The plant begins to die.
A jackal comes into view.
The jackal bites the plant.
The plant begins to die.
A nearby plant withers and dies.
The jackal bites the plant.
The plant begins to die.
The jackal bites the plant.
The plant begins to die.
The jackal barks!
The jackal bites the plant.
The plant begins to die.
The jackal bites the plant. x2
The quokka bites you.
Something bites the plant.
The quokka bites you but does no damage.
You closely miss the quokka. Your kick misses the quokka.
A nearby plant withers and dies. x3; The quokka bites you.
Ouch! That really hurt!
You die...
P.P.PP.P.PP.P.. #.PP.P...PPP.P.P.. #.PP.P....P..P...P #.PP.PPh...P..PP.. #.PPP.Phh..P.PP.PP #.PPP.P.P.......PP #.PPPP...P.....PPP #rPPPPPP..<...PPPP #@P.PPPPPP...PPPPP #....$....††...... ##################

You could see a quokka and 3 jackals.

Vanquished Creatures
  A jackal (D:1)
  3 frilled lizards (D:1)
4 creatures vanquished.

Vanquished Creatures (others)
  63 plants (D:1)
63 creatures vanquished.

Grand Total: 67 creatures vanquished

Notes
Turn   | Place    | Note
-------+----------+-------------------------------------------
     0 | D:1      | shadowstone the Tengu Necromancer began the quest for the
                  | Orb.
     0 | D:1      | Reached XP level 1. HP: 10/10 MP: 4/4
    82 | D:1      | Slain by a quokka

Illustrated notes

Levels and vault maps discovered:
D:1:      roderic_crop_circles_arrival_small, layout_basic,
          dreamdust_ecumenical_altar_statues

Action                   || total
-------------------------++-------
Melee: Unarmed           ||    21
       Kick              ||    17
       Short sword       ||    14
       Peck              ||    13
Armor: Robe              ||     2
Dodge: Dodged            ||     8

Table legend: (Time is in decaauts)
 A = Elapsed time spent in this place.
 B = Non-inter-level travel time spent in this place.
 C = Inter-level travel time spent in this place.
 D = Time resting spent in this place.
 E = Time spent auto-exploring this place.
 F = Levels seen in this place.
 G = Mean time per level.
                   A        B        C        D        E       F      G
               +--------+--------+--------+--------+--------+-----+--------+
         Total |     82 |     82 |      0 |      0 |      0 |   1 |   82.0 |
       Dungeon |     82 |     82 |      0 |      0 |      0 |   1 |   82.0 |
               +--------+--------+--------+--------+--------+-----+--------+

Top non-repeatable levels by time:
     D:1: 82 daAuts
